 Dungeon Crawl Stone Soup version 0.21.1-1-g345015f (webtiles) character file.

113 JeffiDaFish the Ducker (level 4, -5/36 HPs)
             Began as a Draconian Chaos Knight on Feb 20, 2018.
             Slain by Sigmund
             ... wielding a +0 scythe
              (6 damage)
             ... on level 3 of the Dungeon.
             The game lasted 00:03:35 (1702 turns).

JeffiDaFish the Ducker (Draconian Chaos Knight)     Turns: 1702, Time: 00:03:36

Health: -5/36      AC:  6    Str: 15    XL:     4   Next: 65%
Magic:  4/4        EV: 15    Int: 11    God:    Xom [.*....]
Gold:   114        SH:  0    Dex: 10    Spells: 3/3 levels left

rFire    . . .     SeeInvis .   a - +0 falchion (chaos)
rCold    . . .     Gourm    .   (no shield)
rNeg     . . .     Faith    .   (armour unavailable)
rPois    .         Spirit   .   (helmet restricted)
rElec    .         Reflect  .   (no cloak)
rCorr    +         Harm     .   f - +0 pair of gloves
MR       .....                  (no boots)
Stlth    +.........             (no amulet)
HPRegen  0.12/turn              d - ring of resist corrosion
MPRegen  0.09/turn              (no ring)

@: no status effects
A: unfitting armour, blurry vision 1, dopey 1, frail 1, screaming 1,
cold-blooded, AC +5
a: Renounce Religion


You were on level 3 of the Dungeon.
You worshipped Xom.
You were a plaything of Xom.
You were hungry.

You visited 1 branch of the dungeon, and saw 3 of its levels.

You collected 114 gold pieces.

Inventory:

Hand Weapons
 a - a +0 falchion of chaos (weapon)
Armour
 f - a +0 pair of gloves (worn)
Jewellery
 d - a ring of resist corrosion (left hand)
Wands
 c - a wand of iceblast (7)
Scrolls
 e - a scroll of identify
Comestibles
 b - 9 rations


   Skills:
 * Level 4.1 Fighting
 + Level 3.4 Long Blades
 - Level 7.0 Dodging


You had 3 spell levels left.
You didn't know any spells.

Dungeon Overview and Level Annotations

Branches:
Dungeon (3/15)

Altars:
Nemelex Xobeh

Annotations:
D:3 Sigmund


Innate Abilities, Weirdness & Mutations

Your plain brown scales are hard. (AC +5)
You cannot fit into any form of body armour.
You are cold-blooded and may be slowed by cold attacks.
Scrolls take you a little longer to read.
You are dopey. (Int -2)
You are frail. (-10% HP)
You occasionally shout uncontrollably at your foes.


Message History

You hear some strange, mumbled words.
You are more confused.
Something hits you but does no damage.
You see here a leather armour.
You bump into the stone wall.
You miss something.
Your tail-slap misses something.
Something barely misses you.
You bump into the stone wall.
You hear some strange, mumbled words.
A puff of flame appears from out of thin air!
The puff of flame misses you.
You hit something but do no damage. Something hits you!
You feel less confused.
You hear some strange, mumbled words.
A puff of flame appears from out of thin air!
The puff of flame hits you!
* * * LOW HITPOINT WARNING * * *
You see here a leather armour.
You miss something. Something hits you.
You die...

.........# ###
.........# ..#
.........# #.#
.........# #.#
.........# #.#
.........# #.#
......†..######.##
............{@...#
..............##.#####
............#.#......#
##########.##.#.#.##.#
#....#...##.#
###########.# #<..#
#####


There were no monsters in sight!

Vanquished Creatures
  Ijyb (D:3)
  An adder (D:2)
  2 oozes
  An adder skeleton (D:2)
  A worm (D:2)
  4 leopard geckos
  3 giant cockroaches
  5 goblins (D:2)
  2 hobgoblins (D:1)
  A quokka (D:2)
  A ball python (D:1)
  9 bats
  6 frilled lizards
  7 kobolds
  7 rats
51 creatures vanquished.

Notes
Turn   | Place    | Note
-------+----------+-------------------------------------------
     0 | D:1      | JeffiDaFish the Draconian Chaos Knight began the quest for the Orb.
     0 | D:1      | Reached XP level 1. HP: 19/19 MP: 1/1
    49 | D:1      | Reached skill level 7 in Dodging
    49 | D:1      | Reached XP level 2. HP: 24/26 MP: 2/2
   341 | D:1      | Reached XP level 3. HP: 31/31 MP: 3/3
   439 | D:1      | XOM: enchant monster (bad)
   581 | D:1      | XOM: give mutation
   581 | D:1      | Gained mutation: You have large cloven feet. [Xom's grace]
   689 | D:2      | Found a sparkling altar of Nemelex Xobeh.
  1126 | D:2      | Reached XP level 4. HP: 39/40 MP: 4/4
  1611 | D:2      | XOM: give mutation
  1611 | D:2      | Lost mutation: You have large cloven feet. [Xom's mischief]
  1652 | D:2      | XOM is BORED!
  1652 | D:2      | XOM: give mutations
  1652 | D:2      | Gained mutation: You are dopey. (Int -2) [Xom's mischief]
  1652 | D:2      | Gained mutation: You occasionally shout uncontrollably at your foes. [Xom's mischief]
  1652 | D:2      | Gained mutation: You are frail. (-10% HP) [Xom's mischief]
  1652 | D:2      | Gained mutation: Scrolls take you a little longer to read. [Xom's mischief]
  1663 | D:3      | Noticed Ijyb
  1672 | D:3      | Killed Ijyb
  1680 | D:3      | Noticed Sigmund
  1701 | D:3      | HP: 1/36 [something/puff of flame (10)]
  1702 | D:3      | Slain by Sigmund

Skill      XL: |  1  2  3  4 |
---------------+-------------+-----
Dodging        | 7 |  7.0
Fighting       | 4 |  4.1
Long Blades    | |  3.4

Action                   |  1- 3 |  4- 6 || total
-------------------------+-------+-------++-------
Melee: Falchion          |    72 |    35 ||   107
       Tailslap          |     8 |     2 ||    10
       Kick              |     6 |     4 ||    10
  Use: Potion            |     2 |     2 ||     4
       Scroll            |     2 |     2 ||     4
 Stab: Confused          |     1 |       ||     1
  Eat: Chunk             |     1 |     1 ||     2
Armor: Skin              |    15 |    16 ||    31
Dodge: Dodged            |    55 |    34 ||    89
       Rpst.: Falchion   |    12 |     9 ||    21
